AoeStats
← RoR | Vodka_L_2

Arabia

510095970Analyzed
1v1 RM · 3d ago on Sep 29, 2026· 41m 23s· 2 players
Game mode
Random Map
Map size
Tiny (2 player)
Population
200
Speed
Normal
Resources
Standard
Victory
Conquest
Starting age
Dark Age
Ending age
Imperial Age
RankedLock teamsTeams togetherTeam positionsShared explorationLock speedFull tech treeHidden civsTurbo modeCheats
Victory
Defeat
🇮🇹 Danes · Italy
2597
+13
🇨🇳 Varangians · China
2541
-13
_LY_lyx
8:25 Feudal Age
7:49 Loom
9:56 Double-Bit Axe
11:28 Fletching
11:28 Horse Collar
15:01 Forging
20:09 Castle Age
19:19 Scale Mail Armor
19:54 Gold Mining
21:10 Bow Saw
22:31 Wheelbarrow
22:07 Squires
24:30 Elite Skirmisher
25:38 Heavy Plow
27:08 Bodkin Arrow
27:43 Padded Archer Armor
28:49 Ballistics
29:08 Leather Archer Armor
30:24 Town Watch
35:37 Guard Tower
39:47 Hand Cart
RoR | Vodka_L_2
6:33 Loom
8:50 Feudal Age
9:38 Double-Bit Axe
12:02 Fletching
21:10 Castle Age
19:41 Gold Mining
19:58 Horse Collar
22:04 Bow Saw
22:03 Bodkin Arrow
22:58 Wheelbarrow
22:34 Town Watch
29:18 Scale Mail Armor
30:19 Chain Mail Armor
30:57 Squires
33:50 Arson
34:07 Padded Archer Armor
36:11 Forging
41:52 Imperial Age
41:33 Fervor
41:47 Ballistics
Connection lost

Rejoining the realm…

Still unreachable

The connection could not be restored.

Session expired

The server has moved on; the page needs a fresh start.